AoeStats
← iisraelunna

Arabia

510403089Analyzed
1v1 RM · 1d ago on Sep 30, 2026· 28m 36s· 2 players
Game mode
Random Map
Map size
Tiny (2 player)
Population
200
Speed
Normal
Resources
Standard
Victory
Conquest
Starting age
Dark Age
Ending age
Imperial Age
RankedLock teamsTeams togetherTeam positionsShared explorationLock speedFull tech treeHidden civsTurbo modeCheats
Victory
Defeat
🇲🇽 Saracens · Mexico
921
+15
🇵🇹 Ethiopians · Portugal
896
-15
Alberto Barbosa
0:32 Loom
11:34 Feudal Age
12:49 Double-Bit Axe
14:34 Fletching
14:44 Padded Archer Armor
22:52 Castle Age
21:14 Stone Mining
22:56 Crossbowman
24:47 Thumb Ring
iisraelunna
3:15 Loom
10:42 Feudal Age
11:33 Double-Bit Axe
18:49 Castle Age
17:59 Horse Collar
20:57 Forging
Connection lost

Rejoining the realm…

Still unreachable

The connection could not be restored.

Session expired

The server has moved on; the page needs a fresh start.